General information
- name: BNet
- type: Ladder team game (AT/RT)
- host: Battle.net
- saver: hide
map: PhantomGrove_LV
- players: 4
- length: 47:24
- speed: Fast
- version: 1.10030 W3XP
- replay type: Public
» download(453 KB)
Players
team 1 (winner)
hide (
pink | 232 APM | 10983 actions | 47:24)
8 Keeper of the Grove
2 Force of Nature
3 Entangling Roots
1 Tranquility
2 Thorns Aura
6 Priestess of the Moon
3 Trueshot Aura
1 Scout
1 Searing Arrows
1 Starfall
6 Naga Sea Witch
2 Frost Arrows
3 Forked Lightning
1 Tornado
» actions
| Assign group hotkey | 461 | |
| Basic commands | 428 | |
| Build / train | 172 | |
| ESC pressed | 1 | |
| Enter build submenu | 30 | |
| Enter hero's abilities submenu | 21 | |
| Give item / drop item | 24 | |
| Right click | 4397 | |
| Select / deselect | 1541 | |
| Select group hotkey | 3606 | |
| Use ability | 302 | |
10983 total
» units
| Wisp | 22 | |
| Huntress | 1 | |
| Archer | 24 | |
| Dryad | 7 | |
| Faerie Dragon | 6 | |
| Hippogryph | 12 | |
| Mountain Giant | 3 | |
| Chimaera | 8 | |
83 total
» upgrades
| Ultravision | 1 | |
| Strength of the Moon | 3 | |
| Moon Armor | 1 | |
| Improved Bows | 1 | |
| Abolish Magic | 1 | |
| Marksmanship | 1 | |
| Well Spring | 1 | |
| Hardened Skin | 1 | |
| Strength of the Wild | 3 | |
| Nature's Blessing | 1 | |
| Corrosive Breath | 1 | |
| Reinforced Hides | 2 | |
17 total
» buildings
| Altar of Elders | 1 | |
| Moon Well | 8 | |
| Hunter's Hall | 1 | |
| Ancient of War | 3 | |
| Tree of Life | 1 | |
| Ancient of Wonders | 1 | |
| Tree of Ages | 2 | |
| Ancient of Lore | 1 | |
| Ancient of Wind | 2 | |
| Tree of Eternity | 1 | |
| Chimaera Roost | 3 | |
24 total
» build order
00:05 Altar of Elders
00:18 Moon Well
01:48 Hunter's Hall
01:52 Ancient of War
02:01 Moon Well
02:27 Ancient of War
02:55 Moon Well
03:25 Tree of Life
03:51 Ancient of Wonders
05:30 Tree of Ages
05:30 Tree of Ages
08:27 Moon Well
08:30 Ancient of Lore
09:34 Ancient of Wind
10:31 Tree of Eternity
11:30 Moon Well
17:05 Moon Well
25:13 Chimaera Roost
25:14 Chimaera Roost
26:30 Chimaera Roost
39:05 Ancient of War
39:39 Ancient of Wind
42:58 Moon Well
43:01 Moon Well
» items
| Lesser Clarity Potion | 22 | |
| Moonstone | 6 | |
| Scroll of Town Portal | 7 | |
| Staff of Preservation | 2 | |
| Orb of Venom | 1 | |
| Anti-magic Potion | 4 | |
| Boots of Speed | 1 | |
43 total
JELLY (
green | 113 APM | 5355 actions | 47:22)
7 Far Seer
3 Feral Spirit
3 Chain Lighting
1 Earth Quake
6 Tauren Chieftain
2 War Stomp
3 Endurance Aura
1 Reincarnation
» actions
| Assign group hotkey | 545 | |
| Basic commands | 335 | |
| Build / train | 122 | |
| ESC pressed | 4 | |
| Enter build submenu | 20 | |
| Enter hero's abilities submenu | 13 | |
| Give item / drop item | 7 | |
| Remove unit from queue | 7 | |
| Right click | 2568 | |
| Select / deselect | 516 | |
| Select group hotkey | 1064 | |
| Use ability | 154 | |
5355 total
» units
| Peon | 11 | |
| Grunt | 6 | |
| Tauren | 27 | |
| Kodo Beast | 4 | |
| Spirit Walker | 7 | |
| Troll Batrider | 7 | |
62 total
» upgrades
| Armor | 2 | |
| Pulverize | 1 | |
| Spirit Walker Training | 2 | |
| Melee Weapons | 2 | |
| War Drums Damage Increase | 1 | |
8 total
» buildings
| Altar of Storms | 1 | |
| Orc Burrow | 7 | |
| Barracks | 1 | |
| Stronghold | 1 | |
| Voodoo Lounge | 1 | |
| Fortress | 1 | |
| Beastiary | 1 | |
| Tauren Totem | 2 | |
| War Mill | 1 | |
| Great Hall | 3 | |
| Watch Tower | 2 | |
21 total
» build order
00:07 Altar of Storms
00:14 Orc Burrow
00:36 Barracks
01:31 Orc Burrow
02:54 Stronghold
03:13 Orc Burrow
03:27 Voodoo Lounge
05:26 Fortress
05:48 Beastiary
07:28 Tauren Totem
07:37 War Mill
07:39 Orc Burrow
09:41 Orc Burrow
15:37 Orc Burrow
17:39 Great Hall
22:36 Orc Burrow
30:14 Watch Tower
32:24 Watch Tower
35:38 Tauren Totem
42:25 Great Hall
44:08 Great Hall
» items
| Healing Salve | 5 | |
| Lesser Clarity Potion | 5 | |
| Scroll of Speed | 3 | |
| Orb of Lightning | 1 | |
| Potion of Healing | 3 | |
| Potion of Lesser Invulnerability | 3 | |
| Scroll of Town Portal | 1 | |
| Scroll of Healing | 5 | |
| Potion of Mana | 1 | |
27 total
team 2 (loser)

»
dHm (
red | 123 APM | 4773 actions | 38:39)
7 Paladin
3 Holy Light
2 Devotion Aura
1 Divine Shield
1 Resurrection
6 Blood Mage
3 Siphon Mana
2 Banish
1 Summon Phoenix
4 Naga Sea Witch
2 Forked Lightning
2 Frost Arrows
» actions
| Assign group hotkey | 62 | |
| Basic commands | 115 | |
| Build / train | 146 | |
| ESC pressed | 13 | |
| Enter build submenu | 47 | |
| Enter hero's abilities submenu | 17 | |
| Give item / drop item | 2 | |
| Remove unit from queue | 1 | |
| Right click | 2106 | |
| Select / deselect | 709 | |
| Select group hotkey | 1252 | |
| Use ability | 303 | |
4773 total
» units
| Peasant | 29 | |
| Rifleman | 29 | |
| Mortar Team | 7 | |
| Siege Engine | 2 | |
| Flying Machine | 2 | |
69 total
» upgrades
| Armor | 3 | |
| Gunpowder | 3 | |
| Long Rifles | 2 | |
| Lumber Harvesting | 2 | |
| Fragmentation Shards | 1 | |
| Flare | 1 | |
| Barrage | 1 | |
13 total
» buildings
| Blacksmith | 1 | |
| Barracks | 2 | |
| Altar of Kings | 1 | |
| Farm | 15 | |
| Scout Tower | 10 | |
| Arcane Tower | 5 | |
| Lumber Mill | 2 | |
| Town Hall | 4 | |
| Arcane Vault | 2 | |
| Guard Tower | 8 | |
| Keep | 3 | |
| Workshop | 2 | |
| Castle | 1 | |
56 total
» build order
00:52 Blacksmith
00:57 Barracks
01:04 Altar of Kings
01:08 Farm
01:15 Farm
02:20 Farm
02:23 Scout Tower
02:51 Arcane Tower
02:51 Arcane Tower
03:57 Lumber Mill
04:04 Scout Tower
04:13 Farm
04:34 Arcane Tower
04:34 Arcane Tower
04:34 Arcane Tower
04:53 Farm
05:28 Town Hall
05:32 Town Hall
05:37 Farm
05:39 Scout Tower
05:48 Arcane Vault
06:45 Lumber Mill
07:23 Barracks
07:31 Guard Tower
08:17 Keep
08:17 Keep
08:17 Keep
09:31 Farm
12:36 Workshop
13:45 Farm
13:47 Farm
14:00 Castle
15:47 Workshop
16:57 Farm
17:42 Arcane Vault
19:02 Farm
19:43 Farm
21:38 Farm
22:36 Town Hall
22:38 Farm
22:43 Scout Tower
22:44 Scout Tower
23:01 Scout Tower
23:13 Guard Tower
23:13 Guard Tower
23:13 Guard Tower
23:23 Guard Tower
25:37 Scout Tower
25:37 Guard Tower
26:35 Scout Tower
26:36 Guard Tower
27:04 Farm
27:12 Guard Tower
27:14 Town Hall
27:33 Scout Tower
32:37 Scout Tower
» items
| Lesser Clarity Potion | 4 | |
| Scroll of Regeneration | 5 | |
| Scroll of Town Portal | 3 | |
| Potion of Lesser Invulnerability | 4 | |
| Scroll of Healing | 1 | |
17 total
TheLawnMower (
purple | 71 APM | 3369 actions | 47:22)
6 Death Knight
3 Death Coil
2 Unholy Aura
1 Animate Dead
5 Lich
3 Frost Nova
2 Dark Ritual
» actions
| Assign group hotkey | 21 | |
| Basic commands | 164 | |
| Build / train | 87 | |
| Enter build submenu | 64 | |
| Enter hero's abilities submenu | 11 | |
| Give item / drop item | 5 | |
| Remove unit from queue | 1 | |
| Right click | 1592 | |
| Select / deselect | 718 | |
| Select group hotkey | 502 | |
| Use ability | 203 | |
3369 total
» units
| Acolyte | 4 | |
| Ghoul | 3 | |
| Crypt Fiend | 17 | |
| Obsidian Statue | 11 | |
| Abomination | 15 | |
| Necromancer | 8 | |
| Peasant | 1 | |
59 total
» upgrades
| Burrow | 1 | |
| Destroyer Form | 1 | |
| Web | 1 | |
| Backpack | 0 | |
3 total
» buildings
| Crypt | 1 | |
| Graveyard | 1 | |
| Altar of Darkness | 1 | |
| Ziggurat | 11 | |
| Tomb of Relics | 1 | |
| Nerubian Tower | 1 | |
| Halls of the Dead | 1 | |
| Slaughterhouse | 3 | |
| Black Citadel | 1 | |
| Temple of the Damned | 1 | |
| Necropolis | 17 | |
| Spirit Tower | 2 | |
| Farm | 17 | |
| Town Hall | 1 | |
59 total
» build order
00:04 Crypt
00:19 Graveyard
00:41 Altar of Darkness
00:57 Ziggurat
01:22 Tomb of Relics
01:58 Ziggurat
02:31 Nerubian Tower
03:38 Ziggurat
04:26 Halls of the Dead
05:03 Ziggurat
07:39 Slaughterhouse
08:00 Black Citadel
08:35 Slaughterhouse
08:36 Slaughterhouse
09:06 Ziggurat
10:43 Ziggurat
12:36 Ziggurat
13:44 Temple of the Damned
19:43 Necropolis
21:41 Ziggurat
21:56 Ziggurat
22:20 Ziggurat
22:47 Spirit Tower
23:10 Spirit Tower
30:42 Ziggurat
38:19 Necropolis
38:23 Necropolis
38:28 Necropolis
38:32 Necropolis
38:35 Necropolis
38:38 Necropolis
38:41 Necropolis
38:44 Necropolis
38:47 Necropolis
38:49 Necropolis
38:56 Necropolis
39:00 Necropolis
39:06 Necropolis
39:14 Farm
39:16 Farm
39:17 Farm
39:19 Farm
39:21 Farm
39:26 Necropolis
40:03 Necropolis
40:27 Necropolis
40:52 Farm
40:53 Farm
40:54 Farm
40:55 Farm
41:01 Farm
42:32 Farm
42:35 Farm
42:40 Farm
43:24 Farm
43:36 Farm
44:05 Farm
45:35 Farm
46:35 Town Hall
» items
| Rod of Necromancy | 1 | |
| Potion of Healing | 2 | |
| Scroll of Town Portal | 2 | |
| Potion of Lesser Invulnerability | 1 | |
6 total
Chat log
(00:10 / Allies) JELLY: hi
(00:10 / Allies) hide: hi!
(00:13 / All) dHm: GL HF
(00:25 / Allies) JELLY: k
(00:26 / Allies) hide: can u help me clear this
(00:29 / Allies) JELLY: yes
(00:35 / All) TheLawnMower: GL, ur gona need it
(00:51 / Allies) hide: are they both random?
(00:56 / Allies) JELLY: think so yeah
(01:01 / Allies) JELLY: ill let you konw if i see scout
(01:43 / Allies) JELLY: k
(02:22 / Allies) JELLY: kk
(02:39 / Allies) hide: aim trolls first
(03:10 / Allies) hide: wood
(03:22 / Allies) hide: ty
(06:25 / Allies) hide: b
(10:17 / Allies) JELLY: LOW as fuck
(10:18 / Allies) JELLY: rifles
(11:06 / Allies) JELLY: i do pepasant
(11:27 / Allies) JELLY: ok im b
(16:49 / Allies) hide: go expo
(16:52 / Allies) JELLY: k
(17:33 / Allies) hide: sta b
(17:34 / Allies) hide: b
(19:33 / Allies) JELLY: thjx
(21:28 / Allies) JELLY: i tried
(21:29 / Allies) JELLY: sorry dude
(21:33 / Allies) hide: don't leave
(21:38 / Allies) JELLY: i wont :)
(22:07 / Allies) JELLY: xfering old mine
(23:58 / Allies) JELLY: nice
(25:03 / Allies) hide: b
(25:49 / Allies) hide: b
(25:50 / Allies) hide: b
(25:51 / Allies) hide: back
(26:53 / Allies) hide: need potm
(27:28 / Allies) hide: get walkers
(28:10 / Allies) hide: aim dk
(28:11 / Allies) hide: if u can
(28:13 / Allies) hide: b
(28:14 / Allies) JELLY: kk
(30:31 / Allies) hide: 150 g
(32:02 / Allies) hide: b
(32:13 / Allies) JELLY: ?
(32:16 / Allies) hide: wait
(32:16 / Allies) JELLY: o
(32:17 / Allies) hide: heal firsrt
(32:33 / Allies) hide: aim dk
(32:46 / Allies) JELLY: ok
(33:18 / Allies) hide: dk
(33:29 / Allies) hide: b
(34:04 / Allies) hide: wai
(34:29 / Allies) hide: aim dk
(34:33 / Allies) hide: go
(35:41 / Allies) hide: kill bird
(36:45 / Allies) hide: lich
(38:29 / Allies) hide: weee
(38:34 / Allies) JELLY: NICE
(38:35 / All) dHm: haha
(38:36 / Allies) JELLY: you are so good man
(38:38 / All) dHm: ok ur heros r better
(38:41 / All) hide: :D
(38:47 / Allies) JELLY: thanks for not being mean to me :)
(38:55 / Allies) hide: mean doesn't solve anything
(39:00 / Allies) JELLY: i agree
(39:28 / Allies) hide: heal firsr
(39:50 / Allies) hide: wuit..
(39:59 / Allies) hide: check
(41:00 / Allies) hide: might be afk
(41:04 / Allies) JELLY: tru
(41:07 / Allies) JELLY: its ok
(41:12 / Allies) hide: or not
(41:13 / Allies) hide: lol
(41:31 / Allies) JELLY: wow
(41:57 / Allies) hide: use your ult
(47:19 / All) hide: ><
(47:21 / Allies) JELLY: :D
(47:21 / Allies) JELLY: gg